 Dungeon Crawl Stone Soup version 0.31-a0-217-g58bb5d79cf (webtiles) character file.

Game seed: 9011428093324807015

261 qw the Shooter (level 5, -2/45 HPs)
             Began as a Minotaur Hexslinger on July 2, 2023.
             Slain by Grinder (6 damage)
             ... while paralysed by Grinder
             ... on level 4 of the Dungeon.
             The game lasted 00:00:50 (2385 turns).

qw the Shooter (Minotaur Hexslinger)                Turns: 2385, Time: 00:00:51

Health: -2/45      AC:  3    Str: 12    XL:     5   Next: 96%
Magic:  5/5        EV:  2    Int: 10    God:
Gold:   170        SH:  0    Dex: 15    Spells: 5/6 levels left

rFire   . . .        a - +0 shortbow
rCold   . . .        (shield currently unavailable)
rNeg    . . .        h - +0 ring mail
rPois   .            (helmet restricted)
rElec   .            e - +0 cloak
rCorr   .            (no gloves)
SInv    .            (no boots)
Will    .....        (no amulet)
Stlth   +            (no ring)
HPRegen 0.27/turn    (no ring)
MPRegen 0.09/turn

%: no passive effects
@: paralysed
A: horns 2, retaliatory headbutt, deformed body, wild magic 1
a: no special abilities


You were on level 4 of the Dungeon.
You visited 1 branch of the dungeon, and saw 4 of its levels.

You collected 170 gold pieces.


Innate Abilities, Weirdness & Mutations

You have a pair of horns on your head.
You reflexively headbutt those who attack you in melee.
Armour fits poorly on your strangely shaped body.
Your spells are a little harder to cast, but a little more powerful.


   Skills:
 + Level 3.2 Fighting
 - Level 6.2 Ranged Weapons
 - Level 1.0 Armour
 - Level 2.1 Dodging
 - Level 1.0 Spellcasting
 - Level 2.0 Hexes


You had 5 spell levels left.
You knew the following spells:

 Your Spells              Type           Power      Damage    Failure   Level
a - Slow                  Hex            20%        N/A       43%         1

Your spell library contained the following spells:

 Spells                   Type           Power      Damage    Failure   Level
 Inner Flame              Hex/Fire       3%         N/A       88%         3
 Portal Projectile        Hex/Tloc       6%         N/A       88%         3
 Cause Fear               Hex            2%         N/A       99%         4

Inventory:

Hand Weapons
 a - a +0 shortbow (weapon)
Armour
 e - a +0 cloak (worn)
 h - a +0 ring mail (worn)
Potions
 b - a potion of degeneration {unknown}
 d - a potion of curing
 f - a potion of mutation
 g - a potion of enlightenment {unknown}

Dungeon Overview and Level Annotations

Branches:
Dungeon (4/15)
 Temple: D:4-7

Altars:

Annotations:
D:3 2 transporters, qw's ghost, amateur GrFi
D:4 Grinder


Message History

An adder comes into view.
The adder hisses angrily.
You shoot an arrow.
The arrow hits the adder but does no damage.
You shoot an arrow. The arrow misses the adder.
You shoot an arrow. The arrow closely misses the adder.
You shoot an arrow. The arrow misses the adder.
The adder barely misses you. You furiously retaliate!
You headbutt the adder! The adder barely misses you. You furiously retaliate!
You headbutt the adder.
You kill the adder!
You open the door.
Grinder comes into view.
Found a scale mail.
Found a stone staircase leading up.
You shoot an arrow. The arrow hits Grinder!
Grinder is lightly wounded.
A jackal comes into view.
You shoot an arrow. The arrow closely misses the jackal.
The jackal barks!
You hear a bark! x3
You shoot an arrow. The arrow barely misses the jackal.
The arrow barely misses Grinder.
The jackal barely misses you. The jackal bites you.
You shoot an arrow. The arrow hits the jackal!
You kill the jackal!
You shoot an arrow. The arrow hits Grinder.
Grinder is moderately wounded.
You hear a bark!
Grinder hits you but does no damage.
You shoot an arrow. The arrow hits Grinder.
Grinder is moderately wounded.
Grinder barely misses you.
You shoot an arrow. The arrow closely misses Grinder.
Grinder gestures at you.
You suddenly lose the ability to move!
Grinder hits you!
You writhe in agony.
Grinder hits you!
You writhe in agony.
Grinder gestures at you. Pain shoots through your body! Grinder hits you.
You writhe in agony.
You die...

#.##. #.##. #.##. #.##.
#.... #### ##### .....
#...
......###############.##
......5@..............#
[.....#######.....#####
..... #.....# ....
#.....# .<. #.....# ..
#.....# . #######


You could see Grinder.

Vanquished Creatures
  A phantom (D:3)
  An orc priest (D:4)
  Terence (D:3)
  An orc wizard (D:3)
  Robin (D:3)
  3 adders
  A worm (D:2)
  3 orcs (D:4)
  A bat (D:3)
  3 endoplasms
  3 giant cockroaches
  17 goblins
  6 hobgoblins
  A jackal (D:4)
  7 kobolds
  2 quokkas
  4 ball pythons
  2 frilled lizards
  2 rats (D:1)
60 creatures vanquished.

Notes
Turn   | Place    | Note
-------+----------+-------------------------------------------
     0 | D:1      | qw the Minotaur Hexslinger began the quest for the Orb.
     0 | D:1      | Reached XP level 1. HP: 16/16 MP: 1/1
     0 | D:1      | 0 ||| qw: Version: 0.3-a-40-ge99b1a8
     0 | D:1      | 0 ||| qw: Game counter: 89
     0 | D:1      | 0 ||| qw: Melee chars always use a shield: true
     0 | D:1      | 0 ||| qw: God list: Okawaru
     0 | D:1      | 0 ||| qw: Allow faded altars: false
     0 | D:1      | 0 ||| qw: Do Orc after clearing Dungeon:15 true
     0 | D:1      | 0 ||| qw: Do second Lair branch before Depths: true
     0 | D:1      | 0 ||| qw: Lair rune preference: random
     0 | D:1      | 0 ||| qw: Goals: Normal
     0 | D:1      | 0 ||| PLANNING D:1-11
   101 | D:1      | Found a faded altar of an unknown god.
   105 | D:1      | Reached skill level 3 in Ranged Weapons
   107 | D:1      | Reached XP level 2. HP: 23/23 MP: 2/2
   521 | D:1      | 521 ||| UPGRADING to +0 ring mail.
   531 | D:1      | 531 ||| DROPPING +0 robe.
   532 | D:1      | 532 ||| READING scroll labelled FUOGRU RAKIHEVE.
   535 | D:1      | 535 ||| READING scroll labelled ESIEH XOITICS.
   536 | D:1      | 536 ||| DRINKING 2 bubbling orange potions.
   537 | D:1      | 537 ||| DROPPING scroll of poison.
   819 | D:2      | Reached XP level 3. HP: 29/29 MP: 3/3
  1152 | D:2      | 1152 ||| UPGRADING to +0 cloak.
  1157 | D:2      | 1157 ||| READING scroll labelled GEVUXZ ZOIFEM.
  1158 | D:2      | 1158 ||| READING scroll labelled MISYHI ENGY.
  1159 | D:2      | 1159 ||| READING scroll labelled ALESIN FUVUE.
  1321 | D:3      | Found a transporter.
  1332 | D:3      | Found a transporter.
  1365 | D:3      | Noticed a phantom
  1375 | D:3      | Killed a phantom
  1376 | D:3      | Reached skill level 5 in Ranged Weapons
  1376 | D:3      | Reached XP level 4. HP: 23/36 MP: 4/4
  1453 | D:3      | Reached skill level 1 in Armour
  1703 | D:3      | Noticed qw's ghost (amateur GrFi)
  1747 | D:3      | Reached XP level 5. HP: 38/42 MP: 5/5
  1753 | D:3      | Noticed Robin
  1779 | D:3      | Killed Robin
  1780 | D:3      | Reached skill level 3 in Fighting
  1806 | D:3      | 1806 ||| SWAPPING to +0 shortbow.
  1807 | D:3      | 1807 ||| DROPPING +1 sling.
  1836 | D:3      | Noticed Terence
  1842 | D:3      | Killed Terence
  2059 | D:3      | 2059 ||| DRINKING 2 murky pink potions.
  2059 | D:3      | Gained mutation: Armour fits poorly on your strangely
                  | shaped body. [potion of mutation]
  2059 | D:3      | Gained mutation: Your muscles are strong. (Str +4, Int/Dex
                  | -1) [potion of mutation]
  2059 | D:3      | Lost mutation: Your muscles are strong. (Str +4, Int/Dex
                  | -1) [potion of mutation]
  2059 | D:3      | Gained mutation: Your spells are a little harder to cast,
                  | but a little more powerful. [potion of mutation]
  2097 | D:4      | 2097 ||| STAIRDANCE
  2111 | D:3      | HP: 11/45 [something/magic dart (7)]
  2248 | D:4      | Reached skill level 6 in Ranged Weapons
  2374 | D:4      | Noticed Grinder
  2381 | D:4      | Paralysed by Grinder for 5 turns
  2384 | D:4      | HP: 6/45 [Grinder/nerve-wracking pain (14)]
  2385 | D:4      | Slain by Grinder

Levels and vault maps discovered:
D:1:      nicolae_arrival_washed_ashore, layout_rooms,
          chequers_ecumenical_altar_simple_redux
D:2:      layout_loops_ring
D:3:      layout_basic, gammafunk_ghost_stat_death, uniq_terence, uniq_robin
D:4:      layout_basic, minmay_temple_entry_hall, minmay_small_thing,
          uniq_grinder

Skill      XL: |  1  2  3  4  5 |
---------------+----------------+-----
Ranged Weapons | 3 5 6 |  6.2
Fighting       | 2 3 |  3.2
Armour         | 1 |  1.0
Dodging        | |  2.1
Spellcasting   | |  1.0
Hexes          | |  2.0

Action                     |  1- 3 |  4- 6 || total
---------------------------+-------+-------++-------
   Fire: Sling             |    82 |    61 ||   143
         Shortbow          |       |    53 ||    53
    Use: Scroll            |     5 |       ||     5
         Potion            |     1 |     1 ||     2
 Armour: Robe              |     1 |       ||     1
         Ring mail         |     1 |    28 ||    29
  Dodge: Dodged            |    15 |    38 ||    53

Table legend:
 A = Non-vault XP
 B = Vault XP
 C = Vault XP percentage of total XP
 D = Non-vault monster count
 E = Vault monster count
 F = Vault count percentage of total count
                 A         B        C        D         E       F
            +---------+---------+-------+---------+---------+-------
      Total |     297 |      76 |  20.4 |      46 |      14 |  23.3
            +---------+---------+-------+---------+---------+-------
        D:1 |      24 |       0 |   0.0 |      15 |       0 |   0.0
        D:2 |      29 |       0 |   0.0 |       9 |       0 |   0.0
        D:3 |     177 |      76 |  30.0 |      15 |      14 |  48.3
        D:4 |      67 |       0 |   0.0 |       7 |       0 |   0.0
            +---------+---------+-------+---------+---------+-------
